 Dungeon Crawl Stone Soup version 0.19-a0-1008-g4c63d25 (webtiles) character file.

1042 Gagarin the Ducker (level 8, -6/60 HPs)
             Began as a Merfolk Skald on July 22, 2016.
             Was an Initiate of Sif Muna.
             Killed by divine providence
             ... invoked by an orc priest
              (12 damage)
             ... on level 6 of the Dungeon.
             The game lasted 00:18:33 (6272 turns).

Gagarin the Ducker (Merfolk Skald)                  Turns: 6272, Time: 00:18:34

Health: -6/60      AC: 14    Str: 12    XL:     8   Next: 25%
Magic:  5/13       EV: 13    Int: 13    God:    Sif Muna [......]
Gold:   77         SH:  0    Dex: 14    Spells: 4 memorised, 7 levels left

rFire  + . .     SeeInvis .     a - +0 falchion
rCold  . . .     Gourm    .     y - +4 ring mail "Xuffuisi" {rPois rF+ Regen+}
rNeg   . . .     Faith    .     (no shield)
rPois  +         Spirit   .     C - +0 helmet
rElec  .         Dismiss  .     H - +0 cloak
rCorr  .         Reflect  .     G - +0 pair of gloves
SustAt .         Harm     .     m - +0 pair of boots
MR     .....                    (no amulet)
Stlth  +.........               (no ring)
                                (no ring)

@: not resistant to hostile enchantments, very unstealthy
A: change form in water, swift swim
a: Renounce Religion


You were on level 6 of the Dungeon.
You worshipped Sif Muna.
Sif Muna was noncommittal.
You were near starving.

You visited 2 branches of the dungeon, and saw 7 of its levels.

You collected 297 gold pieces.
You spent 220 gold pieces at shops.

Inventory:

Hand Weapons
 a - a +0 falchion (weapon)
Missiles
 l - 59 bolts
 F - 23 arrows
Armour
 b - a +0 leather armour
 m - a +0 pair of boots (worn)
 y - the +4 ring mail "Xuffuisi" (worn) {rPois rF+ Regen+}
   (You found it on level 4 of the Dungeon)

   It protects you from fire.
   It protects you from poison.
   It increases your rate of regeneration.
 C - a +0 helmet (worn)
 G - a +0 pair of gloves (worn)
 H - a +0 cloak (worn)
Jewellery
 f - an uncursed ring of resist corrosion {unknown}
 p - a cursed ring of teleportation {unknown}
 r - a +1 ring of protection {unknown}
Wands
 D - a wand of polymorph (12/24)
 J - a wand of random effects (11/48)
Scrolls
 i - 3 scrolls of remove curse
 j - 2 scrolls of enchant armour {unknown}
 k - 2 scrolls of magic mapping {unknown}
 o - a scroll of recharging {unknown}
 q - 3 scrolls of blinking
 s - 5 scrolls of identify {unknown}
 t - a scroll of enchant weapon {unknown}
 w - a scroll of teleportation {unknown}
 M - 2 scrolls of amnesia {unknown}
 N - a scroll of fog {unknown}
Potions
 e - a potion of degeneration {unknown}
 h - a potion of ambrosia {unknown}
 u - a potion of haste {unknown}
 v - a potion of lignification
 x - a potion of magic {unknown}
 A - a potion of heal wounds {unknown}
 B - a potion of curing
 O - a potion of flight {unknown}
Books
 c - a book of Battle

   Spells                             Type                      Level
   a - Infusion                       Charms                       1
   b - Shroud of Golubria             Charms/Translocation         2
   c - Song of Slaying                Charms                       2
   d - Spectral Weapon                Hexes/Charms                 3
   e - Regeneration                   Charms/Necromancy            3
 n - a book of Conjurations

   Spells                             Type                      Level
   a - Magic Dart                     Conjuration                  1
   b - Searing Ray                    Conjuration                  2
   c - Dazzling Spray                 Conjuration/Hexes            3
   d - Fulminant Prism                Conjuration/Hexes            4
   e - Iskenderun's Mystic Blast      Conjuration                  4
   f - Iskenderun's Battlesphere      Conjuration/Charms           5
 E - a book of Battle

   Spells                             Type                      Level
   a - Infusion                       Charms                       1
   b - Shroud of Golubria             Charms/Translocation         2
   c - Song of Slaying                Charms                       2
   d - Spectral Weapon                Hexes/Charms                 3
   e - Regeneration                   Charms/Necromancy            3
 K - a book of Minor Magic

   Spells                             Type                      Level
   a - Magic Dart                     Conjuration                  1
   b - Blink                          Translocation                2
   c - Call Imp                       Summoning                    2
   d - Repel Missiles                 Charms/Air                   2
   e - Slow                           Hexes                        2
   f - Conjure Flame                  Conjuration/Fire             3
   g - Mephitic Cloud                 Conjuration/Poison/Air       3
Comestibles
 d - 5 bread rations
 g - 4 meat rations
 z - a beef jerky
 I - 3 fruits
 L - a slice of pizza


   Skills:
 + Level 3.7 Fighting
 + Level 4.7 Long Blades
 + Level 2.8 Armour
 + Level 5.8 Dodging
 + Level 1.2 Stealth
 + Level 3.3 Spellcasting
 + Level 0.5 Conjurations
 + Level 5.2 Charms
 + Level 1.1 Translocations


You had 7 spell levels left.
You knew the following spells:

 Your Spells              Type           Power        Failure   Level  Hunger
a - Infusion              Chrm           ###.         8%          1    #......
b - Shroud of Golubria    Chrm/Tloc      ##........   21%         2    ##.....
c - Magic Dart            Conj           #...         45%         1    #......
d - Repel Missiles        Chrm/Air       #.....       30%         2    ##.....


Dungeon Overview and Level Annotations

Branches:
Dungeon (6/15)             Temple (1/1) D:6

Altars:
Ashenzari
Dithmenos
Elyvilon
Fedhas
Gozag
Hepliaklqana
Makhleb
Nemelex Xobeh
Okawaru
Pakellas
Qazlal
Ru
Sif Muna
Trog
Uskayaw
Vehumet
Yredelemnul
The Shining One

Shops:
D:6 [:(

Annotations:
D:5 Sigmund


Message History

The orc priest is severely wounded.
You barely miss the orc priest.
The orc priest is severely wounded.
The orc priest hits you but does no damage.
The orc priest calls upon Beogh to heal the orc priest.
The orc priest is healed somewhat.
The orc priest invokes the aid of Beogh against you.
Beogh smites you!
* * * LOW HITPOINT WARNING * * *
You hit the orc priest but do no damage.
The orc priest is moderately wounded.
The orc priest mumbles some strange prayers to Beogh against you.
Pain shoots through your body!
* * * LOW HITPOINT WARNING * * *
The orc priest calls upon Beogh to heal the orc priest.
The orc priest's wounds heal themselves!
The orc priest miscasts a cantrip.
The orc priest mumbles some strange prayers to Beogh against you.
Beogh smites you!
You die...

#.###...### .......
##.#≈≈...≈≈# .......
...#≈..♣..≈## o......
............## .......
...r.♣._.♣...###[......
..).....r......o#
...#≈..♣..≈##...#
...#≈≈...≈≈###..##
...###...### #).@#
.........#
##.(#.8.∩.8..
.........#
#...####.#.#.
.........###.#..# #
######.#........#
######.#........#
.....#.#........#
####............#
.......#..#'#...#


You could see an orc priest.

Vanquished Creatures
  A water moccasin (D:6)
  An orc warrior (D:6)
  A necrophage (D:6)
  2 ogres
  2 crimson imps
  2 giant frog skeletons
  An orc priest (D:6)
  Natasha (thrice) (D:3)
  An iguana (D:4)
  5 worker ants
  A worker ant zombie (D:6)
  6 adders
  2 shadow imps (D:5)
  5 oozes
  An adder skeleton (D:6)
  3 dart slugs
  2 worms (D:2)
  A giant gecko (D:5)
  15 orcs
  4 bats
  4 giant cockroaches
  7 hobgoblins
  12 jackals
  A ball python (D:1)
  5 giant newts
  6 goblins
  A jackal skeleton (D:4)
  9 kobolds
  11 rats
115 creatures vanquished.

Notes
Turn   | Place    | Note
-------+----------+-------------------------------------------
     0 | D:1      | Gagarin the Merfolk Skald began the quest for the Orb.
     0 | D:1      | Reached XP level 1. HP: 16/16 MP: 3/3
   167 | D:1      | Reached XP level 2. HP: 19/22 MP: 0/5
   251 | D:1      | Learned a level 2 spell: Shroud of Golubria
   420 | D:1      | Reached XP level 3. HP: 27/27 MP: 4/6
   956 | D:2      | Found a shattered altar of Ashenzari.
   995 | D:2      | Reached skill level 1 in Armour
  1270 | D:2      | Found a faded altar of an unknown god.
  1311 | D:2      | Found an opulent altar of Gozag.
  1323 | D:2      | Reached XP level 4. HP: 13/34 MP: 0/7
  1561 | D:2      | Found a basalt altar of Yredelemnul.
  1569 | D:2      | Learned a level 1 spell: Magic Dart
  1570 | D:2      | Found an oddly glowing altar of Pakellas.
  1711 | D:2      | Found a shadowy altar of Dithmenos.
  2042 | D:2      | You fall through a shaft!
  2196 | D:2      | Noticed a moth of wrath
  2199 | D:2      | Found a bloodstained altar of Trog.
  2239 | D:2      | Reached XP level 5. HP: 36/40 MP: 4/8
  2616 | D:3      | Noticed Natasha
  2626 | D:3      | Killed Natasha
  2739 | D:3      | Noticed Natasha
  2744 | D:3      | Killed Natasha
  2766 | D:3      | Found a radiant altar of Vehumet.
  2949 | D:3      | Noticed Natasha
  2954 | D:3      | Killed Natasha
  3173 | D:3      | Reached XP level 6. HP: 43/47 MP: 5/9
  3851 | D:4      | Found a sacrificial altar of Ru.
  4064 | D:4      | Got a faintly humming ring mail
  4393 | D:4      | Identified the +4 ring mail "Xuffuisi" {rPois rF+ Regen+} (You found it on level 4 of the Dungeon)
  4930 | D:5      | Entered Level 5 of the Dungeon
  4997 | D:5      | Reached XP level 7. HP: 30/52 MP: 3/11
  5597 | D:5      | Found a stormy altar of Qazlal.
  5597 | D:5      | Noticed Sigmund
  5639 | D:6      | Found Luiqy's Book Shoppe.
  5654 | D:6      | Reached skill level 1 in Translocations
  5665 | D:6      | Reached skill level 1 in Stealth
  5672 | D:6      | Reached skill level 5 in Charms
  5685 | D:6      | Reached skill level 5 in Dodging
  5685 | D:6      | Reached XP level 8. HP: 16/58 MP: 4/12
  5788 | D:6      | Bought a book of Minor Magic for 220 gold pieces
  5791 | D:6      | Learned a level 2 spell: Repel Missiles
  5837 | D:6      | Found Aqojea's Antique Armour Boutique.
  5904 | D:6      | Found a staircase to the Ecumenical Temple.
  5930 | Temple   | Entered the Ecumenical Temple
  5965 | Temple   | Became a worshipper of Sif Muna the Loreminder
  6210 | D:6      | Found a white marble altar of Elyvilon.
  6236 | D:6      | Found Haenuino's Weapon Boutique.
  6272 | D:6      | Killed from afar by an orc priest

Vault maps used:
D:1:      dpeg_arrival_simpleton_b
D:2:      nicolae_ashenzari_panopticon, nicolae_dithmenos_shadow_blocks,
          tgw_trog, minmay_overflow_temple_star_quad, ecumenical_altar_1,
          first_bread
D:3:      nicolae_overflow_crystal_walls, kennysheep_minor_cross, uniq_natasha
D:4:      grunt_ministairs_8, minmay_misc_feat_more_columns,
          nicolae_ru_sacrificial_ziggurat
D:5:      grunt_qazlal_clouds, kennysheep_diamond, uniq_duvessa, uniq_sigmund
D:6:      elyvilon_altar_4, serial_shops, shop, nicolae_shop_statue_plus,
          nicolae_shop_behind_doors, kennysheep_mini
Temple:   grunt_temple_mini_profane

Skill      XL: |  1  2  3  4  5  6  7 |
---------------+----------------------+-----
Dodging        | 2 3 4 5 |  5.8
Armour         | 1 2 |  2.8
Long Blades    | 3 4 |  4.7
Charms         | 4 5 |  5.2
Fighting       | 3 |  3.7
Spellcasting   | 3 |  3.3
Translocations | 1 |  1.1
Stealth        | 1 |  1.2
Conjurations   | |  0.5

Action                   |  1- 3 |  4- 6 |  7- 9 || total
-------------------------+-------+-------+-------++-------
Melee: Falchion          |   136 |   294 |   186 ||   616
 Cast: Infusion          |     6 |     7 |    11 ||    24
       Shroud of Golubri |     2 |    11 |     4 ||    17
       Magic Dart        |       |    16 |       ||    16
Evoke: Wand              |       |       |     1 ||     1
  Use: Potion            |       |     2 |     3 ||     5
       Scroll            |       |     2 |       ||     2
 Stab: Sleeping          |     1 |     1 |       ||     2
       Distracted        |       |       |     1 ||     1
  Eat: Chunk             |     2 |    13 |     4 ||    19
Armor: Leather armour    |    23 |    47 |       ||    70
       Ring mail         |       |     8 |    41 ||    49
       Skin              |       |       |    20 ||    20
Dodge: Dodged            |    81 |   155 |    72 ||   308
